 Dungeon Crawl Stone Soup version 0.21-a0-94-gdd6ab6a (webtiles) character file.

67 Lavandula the Bolt Thrower (level 3, 0/26 HPs)
             Began as a Mummy Arcane Marksman on July 3, 2017.
             Slain by a bat (1 damage)
             ... on level 2 of the Dungeon.
             The game lasted 00:06:27 (983 turns).

Lavandula the Bolt Thrower (Mummy Arcane Marksman)   Turns: 983, Time: 00:06:28

Health: 0/26       AC: -1    Str: 13    XL:     3   Next: 98%
Magic:  5/5        EV: 12    Int: 12    God:
Gold:   48         SH:  0    Dex: 13    Spells: 1/4 levels left

rFire    x . .     SeeInvis .   a - +0 hand crossbow
rCold    + . .     Gourm    .   (no shield)
rNeg     + + +     Faith    .   o - +0 leather armour
rPois    ∞         Spirit   .   (no helmet)
rElec    .         Reflect  .   (no cloak)
rCorr    .         Harm     .   (no gloves)
MR       .....                  (no boots)
Stlth    +.........             (no amulet)
HPRegen  0.08/turn              (no ring)
MPRegen  0.09/turn              (no ring)

@: corroded
A: no food or potions, fire vulnerability, cold resistance 1, negative energy
resistance 3, torment resistance, unbreathing
a: no special abilities


You were on level 2 of the Dungeon.
You were not hungry.

You visited 1 branch of the dungeon, and saw 4 of its levels.

You collected 48 gold pieces.

Inventory:

Hand Weapons
 a - a +0 hand crossbow (weapon)
 f - a +0 hand axe
 h - a +0 dagger
 m - a +0 blowgun
Missiles
 d - 35 bolts (quivered)
Armour
 e - a +0 robe
 o - a +0 leather armour (worn)
Jewellery
 b - an uncursed ring of magical power {unknown}
Wands
 k - a wand of confusion (23/48)
Scrolls
 i - 2 scrolls of amnesia
 j - a scroll of fear
 l - 2 scrolls of teleportation
 n - a scroll of immolation {unknown}
Books
 c - a book of Debilitation

   Spells                             Type                      Level
   a - Corona                         Hexes                        1
   b - Slow                           Hexes                        2
   c - Inner Flame                    Hexes/Fire                   3
   d - Portal Projectile              Hexes/Translocation          3
   e - Cause Fear                     Hexes                        4
   f - Leda's Liquefaction            Hexes/Earth                  4


   Skills:
 - Level 1.1 Fighting
 + Level 3.2 Crossbows
 - Level 1.6 Dodging
 - Level 1.4 Spellcasting
 - Level 2.9 Hexes


You had one spell level left.
You knew the following spells:

 Your Spells              Type           Power        Failure   Level  Hunger
a - Corona                Hex            #......      11%         1    N/A
b - Slow                  Hex            #.......     16%         2    N/A

Dungeon Overview and Level Annotations

Branches:
Dungeon (4/15)
 Temple: D:4-7

Altars:
Trog
Wu Jian

Shops:
D:4 }


Innate Abilities, Weirdness & Mutations

You do not eat or drink.
Your flesh is vulnerable to fire.
You are immune to poison.
Your flesh is cold resistant. (rC+)
You are immune to negative energy. (rN+++)
You are immune to unholy pain and torment.
You can survive without breathing.


Message History

The acid burns!
The jelly hits you.
You are splashed with acid!
The acid burns!
* * * LOW HITPOINT WARNING * * *
An adder comes into view.
A hobgoblin comes into view. It is wielding a club.
The hobgoblin shouts!
A bat comes into view.
The bat barely misses you. x2
A bat comes into view.
The bat hits you.
* * * LOW HITPOINT WARNING * * *
The hobgoblin hits you with a club.
* * * LOW HITPOINT WARNING * * *
The bat closely misses you.
Evoke which item? (* to show all) (? for menu, Esc to quit)
Okay, then.
The bat hits you.
* * * LOW HITPOINT WARNING * * *
The bat barely misses you. The bat hits you.
You die...

.# #>...(.l......?
....#†..##...##.##!
#.%##.####.....# .#
###..##.########## ##.##
.....b.g...# #...#
##.#.##l##.#
#...##.##.#.##J##.###
#............b.......#
#####...####..##@#.##.##..
#...................# #
.....)........##.#..#
#..<..........##.#..#
###.#....###..##.#..###
....#.........##.#....
##..#...^####.##.##.##
##..#....# #..(....#
.......#.# ####.#######


You could see a jelly, a leopard gecko and a bat.

Vanquished Creatures
  An adder (D:3)
  An ooze (D:3)
  2 dart slugs (D:1)
  3 leopard geckos
  An orc (D:4)
  7 bats
  2 giant cockroaches (D:2)
  3 goblins
  4 hobgoblins
  3 jackals (D:1)
  5 kobolds
  A quokka (D:3)
  7 frilled lizards
  5 rats
45 creatures vanquished.

Notes
Turn   | Place    | Note
-------+----------+-------------------------------------------
     0 | D:1      | Lavandula the Mummy Arcane Marksman began the quest for the Orb.
     0 | D:1      | Reached XP level 1. HP: 15/15 MP: 2/2
    80 | D:1      | Reached XP level 2. HP: 21/21 MP: 0/4
    90 | D:1      | Reached skill level 2 in Crossbows
   376 | D:1      | Reached XP level 3. HP: 26/26 MP: 3/5
   443 | D:2      | Found an ornate altar of the Wu Jian Council.
   724 | D:4      | Found Rem Pyn's Gadget Shop.
   772 | D:3      | Found a bloodstained altar of Trog.
   794 | D:3      | Reached skill level 3 in Crossbows
   841 | D:3      | Learned a level 2 spell: Slow
   982 | D:2      | HP: 1/26 [bat (1)]
   983 | D:2      | Slain by a bat

Vault maps used:
D:1:      saegor_arrival_simple_e
D:2:      lemuel_round_altar, dk_xom_monty_hall
D:3:      old_standard_altar, first_bread
D:4:      kennysheep_little_box, minmay_temple_entry_glassed_door, serial_shops,
          nicolae_shop_crystal, nicolae_shop_statue_plus, shop, shop_coins,
          nicolae_shop_trees

Skill      XL: |  1  2  3 |
---------------+----------+-----
Crossbows      | 2 3 |  3.2
Fighting       | |  1.1
Dodging        | |  1.6
Spellcasting   | |  1.4
Hexes          | |  2.9

Action                   || total
-------------------------++-------
Melee: Dagger            ||    13
       Hand axe          ||     1
 Fire: Hand crossbow     ||    77
 Cast: Corona            ||    27
  Use: Scroll            ||     4
Armor: Robe              ||    11
       Leather armour    ||     1
Dodge: Dodged            ||    33
